 Dungeon Crawl Stone Soup version 0.18.1-50-g88ac8fd (webtiles) character file.

537 Nordron the Changer (level 7, -1/43 HPs)
             Began as an Octopode Transmuter on Sept 24, 2016.
             Was an Initiate of Cheibriados.
             Slain by a giant newt (3 damage)
             ... on level 5 of the Dungeon.
             The game lasted 00:22:55 (4565 turns).

Nordron the Changer (Octopode Transmuter)           Turns: 4565, Time: 00:22:55

Health: -1/43      AC:  6    Str: 14    XL:     7   Next: 25%
Magic:  7/10       EV: 18    Int: 16    God:    Cheibriados [......]
Gold:   326        SH:  0    Dex: 20    Spells: 3 memorised, 1 level left

rFire  . . .     SeeInvis +     k - +1 dagger (protect)
rCold  . . .     Gourm    .     (no shield)
rNeg   . . .     Faith    .     (helmet restricted)
rPois  .         Spirit   .     (no amulet)
rElec  .         Dismiss  .     j - ring of flight
rCorr  .         Reflect  .     l - ring of see invisible
SustAt .         Harm     .     r - +3 ring of strength (curse)
MR     .....                    (no ring)
Stlth  ++++......               (no ring)
                                (no ring)
                                (no ring)
                                (no ring)

@: agile, appendage, very slow, not resistant to hostile enchantments, stealthy
A: almost no armour, amphibious, 8 rings, constrict 8, tentacle spike 3,
camouflage 1, gelatinous body 1
a: End Transformation, Bend Time, Renounce Religion, Evoke Flight


You were on level 5 of the Dungeon.
You worshipped Cheibriados.
Cheibriados was noncommittal.
You were hungry.
One of your tentacles had a temporary spike.
You visited 2 branches of the dungeon, and saw 6 of its levels.

You collected 326 gold pieces.

Inventory:

Hand Weapons
 k - a +1 dagger of protection (weapon)
Missiles
 a - 67 arrows
 u - 2 throwing nets (quivered)
Magical Staves
 p - an uncursed staff of air
Jewellery
 j - a ring of flight (left tentacle)
 l - a ring of see invisible (right tentacle)
 r - a cursed +3 ring of strength (on tentacle)
Scrolls
 d - a scroll of magic mapping {unknown}
 f - 5 scrolls of identify
 g - a scroll of amnesia {unknown}
 i - 2 scrolls of random uselessness {unknown}
 o - a scroll of noise {unknown}
 s - 2 scrolls of immolation {unknown}
Potions
 n - a potion of beneficial mutation {unknown}
 t - a potion of cancellation {unknown}
Books
 b - a book of Changes

   Spells                             Type                      Level
   a - Beastly Appendage              Transmutation                1
   b - Sticks to Snakes               Transmutation                2
   c - Spider Form                    Transmutation/Poison         3
   d - Ice Form                       Ice/Transmutation            4
   e - Blade Hands                    Transmutation                5
 v - a book of the Warp

   Spells                             Type                      Level
   a - Recall                         Summoning/Translocation      3
   b - Gell's Gravitas                Hexes/Translocation          3
   c - Force Lance                    Conjuration/Translocation    4
   d - Warp Weapon                    Charms/Translocation         5
   e - Summon Forest                  Summoning/Translocation      5
Comestibles
 c - 5 bread rations
 h - 3 meat rations
 q - 4 fruits


   Skills:
 - Level 1.0 Fighting
 - Level 2.0 Dodging
 - Level 0.8 Stealth
 - Level 3.0 Unarmed Combat
 - Level 2.0 Spellcasting
 + Level 7.7 Transmutations


You had one spell level left.
You knew the following spells:

 Your Spells              Type           Power        Failure   Level  Hunger
a - Beastly Appendage     Trmt           ####..       1%          1    #......
b - Spider Form           Trmt/Pois      ##........   14%         3    ###....
c - Blade Hands           Trmt           ####......   28%         5    ######.


Dungeon Overview and Level Annotations

Branches:
Dungeon (5/15)             Temple (1/1) D:4

Altars:
Ashenzari
Cheibriados
Dithmenos
Fedhas
Gozag
Kikubaaqudgha
Makhleb
Okawaru
Pakellas
Qazlal
Ru
Sif Muna
Trog
Vehumet
Xom
Zin

Annotations:
D:4 Nordron's ghost, amateur OpTm


Innate Abilities, Weirdness & Mutations

You cannot wear most types of armour.
You are amphibious.
You can wear up to eight rings at the same time.
You can use your tentacles to constrict eight enemies at once.
Your skin changes colour to match your surroundings (Stealth).
Your rubbery body absorbs attacks (AC +1).
One of your tentacles bears a large vicious spike.


Message History

It was a potion of agility.
You feel agile all of a sudden. The orc misses you.
Your magical contamination has completely faded away.
Casting: Spider Form
Confirm with . or Enter, or press ? or * to list all spells.
One of your tentacles grows a vicious spike.
The orc wizard hits you with a dagger.
* * * LOW HITPOINT WARNING * * *
You completely miss the orc wizard. You grab the orc wizard.
You pierce the orc wizard.
The orc wizard is lightly wounded.
You constrict the orc wizard, but do no damage.
The orc barely misses you. The orc wizard completely misses you.
You hit the orc wizard. You squeeze the orc wizard.
The orc wizard is severely wounded.
You constrict the orc wizard. The orc closely misses you.
The giant newt hisses menacingly.
The giant newt bites you.
You die...

##### ######### #.... #.......#
#.... #......@# ##########....
#.....lo# #.......##.... #####
#.....o.# #.......##.... ....#
###.......###.......##.... ....#
##........).o........#...#.
....###..##.########[......#.###.
........##..# #.........###.
....## #...## #.........####..
.....###.### #.########## #..


You could see an orc wizard (invisible), an orc and a giant newt.

Vanquished Creatures
  An orc warrior (D:5)
  An ogre (D:4)
  A centaur (D:5)
  A hound (D:4)
  2 giant frog skeletons (D:4)
  A worker ant (D:4)
  A hound skeleton (D:5)
  5 adders
  A shadow imp (D:5)
  2 worms
  5 giant geckos
  8 orcs
  2 ball pythons (D:3)
  7 bats
  3 giant cockroaches
  6 goblins
  5 hobgoblins
  7 jackals
  5 quokkas
  8 giant newts
  10 kobolds
  9 rats
91 creatures vanquished.

Notes
Turn   | Place    | Note
--------------------------------------------------------------
     0 | D:1      | Nordron the Octopode Transmuter began the quest for the Orb.
     0 | D:1      | Reached XP level 1. HP: 13/13 MP: 3/3
   258 | D:1      | Reached XP level 2. HP: 14/18 MP: 3/5
   736 | D:1      | Reached skill level 3 in Transmutations
  1130 | D:2      | Reached XP level 3. HP: 23/23 MP: 6/6
  1419 | D:2      | You fall through a shaft for 2 floors!
  1426 | D:4      | Found a staircase to the Ecumenical Temple.
  1433 | D:4      | Reached skill level 4 in Transmutations
  1433 | D:4      | Reached XP level 4. HP: 16/28 MP: 7/7
  1446 | Temple   | Entered the Ecumenical Temple
  1707 | D:4      | Learned a level 3 spell: Spider Form
  1766 | D:3      | Reached XP level 5. HP: 32/33 MP: 8/8
  1799 | D:3      | Reached skill level 5 in Transmutations
  2136 | D:2      | Found an oddly glowing altar of Pakellas.
  3193 | D:3      | Found a snail-covered altar of Cheibriados.
  3201 | D:3      | Became a worshipper of Cheibriados the Contemplative
  3263 | D:4      | Noticed Nordron's ghost (amateur OpTm)
  3299 | D:4      | Reached skill level 6 in Transmutations
  3299 | D:4      | Reached XP level 6. HP: 33/38 MP: 7/9
  3308 | D:4      | Learned a level 5 spell: Blade Hands
  4021 | D:5      | Entered Level 5 of the Dungeon
  4076 | D:5      | Reached skill level 7 in Transmutations
  4322 | D:5      | Reached XP level 7. HP: 43/43 MP: 8/10
  4391 | D:5      | Found a sacrificial altar of Ru.
  4544 | D:5      | HP: 1/43 [orc warrior/long sword (22)]
  4563 | D:5      | HP: 2/43 [orc wizard/dagger (2)]
  4565 | D:5      | Slain by a giant newt

Skill      XL: |  1  2  3  4  5  6 |
---------------+-------------------+-----
Transmutations | 3 4 6 7 |  7.7
Fighting       | |  1.0
Dodging        | |  2.0
Stealth        | |  0.8
Unarmed Combat | |  3.0
Spellcasting   | |  2.0

Action                   |  1- 3 |  4- 6 |  7- 9 || total
-------------------------+-------+-------+-------++-------
Melee: Unarmed           |    30 |     7 |     6 ||    43
       Constrict         |    14 |    40 |     2 ||    56
       Kick              |    15 |    42 |     4 ||    61
       Tentacles         |    10 |    32 |     5 ||    47
       Punch             |     3 |     1 |       ||     4
       Dagger            |    32 |   155 |     9 ||   196
 Cast: Beastly Appendage |    17 |    28 |     3 ||    48
       Spider Form       |       |     2 |     1 ||     3
  Use: Scroll            |       |     3 |     1 ||     4
       Potion            |       |     1 |     1 ||     2
 Stab: Sleeping          |    11 |    12 |       ||    23
  Eat: Chunk             |     2 |     9 |     2 ||    13
Armor: Skin              |     5 |    31 |     2 ||    38
Dodge: Dodged            |    31 |    86 |    14 ||   131
